[ AOE2 MATCH · #506554703 ]
UnrankedMalians vs Armenians
Player's team · WIN
Rival team · LOSS
[ REPLAY ANALYSIS · EXTRACTED FROM THE RECORDED GAME ]
Feudal
9:28
Castle
21:58
Imperial
—
| APM avg | 71.3 |
| APM peak | 112 |
| eAPM avg | 28.1 |
| Villagers / military | 50 / 29 |
Focus
⚔️ 45.3% · 🌾 54.7%
Archer ×16 · Skirmisher ×7 · Militia ×6
Feudal
9:05
Castle
—
Imperial
—
| APM avg | 80.0 |
| APM peak | 148 |
| eAPM avg | 43.6 |
| Villagers / military | 51 / 23 |
Focus
⚔️ 60.5% · 🌾 39.5%
Archer ×12 · Skirmisher ×11
Match map
Initial resources + every placement click. Lines = walls · curves = elevation contours. ◆ gold · ⬟ stone · ● berries · ✦ relic · ◌ wall gap
Your base· Open — 3t gap
[CL] Dubstepyzed's base· Open — 4t gap
Smoothed initial terrain · ◌ = detected wall gap · hover for details
Inputs per minute
— elpanchovilla14 - - [CL] Dubstepyzed
Build order — elpanchovilla14
138 actions detected in the replay
| 0:01 | Queue | Villager (Male) |
| 0:01 | Queue | Villager (Male) |
| 0:01 | Queue | Villager (Male) |
| 0:03 | Build | House |
| 0:05 | Build | House |
| 0:11 | Queue | Villager (Male) |
| 1:24 | Queue | Villager (Male) |
| 1:51 | Build | Lumber Camp |
| 1:54 | Queue | Villager (Male) |
| 2:25 | Queue | Villager (Male) |
| 2:25 | Queue | Villager (Male) |
| 2:53 | Queue | Villager (Male) |
| 3:16 | Queue | Villager (Male) |
| 3:19 | Build | House |
| 3:34 | Queue | Villager (Male) |
| 4:01 | Queue | Villager (Male) |
| 4:06 | Queue | Villager (Male) |
| 4:38 | Build | Barracks |
| 4:44 | Queue | Villager (Male) |
| 4:50 | Queue | Villager (Male) |
| 4:56 | Build | House |
| 5:45 | Queue | Villager (Male) |
| 5:47 | Queue | Villager (Male) |
| 6:04 | Build | Mill |
| 6:06 | Queue | Villager (Male) |
| 6:40 | Research | Loom |
| 6:40 | Research | Loom |
| 7:18 | Research | Feudal Age |
| 7:18 | Research | Feudal Age |
| 7:43 | Build | Mining Camp |
| 7:44 | Queue | Militia |
| 7:45 | Queue | Militia |
| 8:02 | Queue | Militia |
| 8:31 | Queue | Militia |
| 8:43 | Build | House |
| 8:48 | Queue | Villager (Male) |
| 9:08 | Build | Palisade Wall |
| 9:28 | Age | Feudal Age |
| 9:32 | Research | Man-at-Arms (upgrade) |
| 9:32 | Research | Man-at-Arms (upgrade) |
| 9:33 | Queue | Villager (Male) |
| 9:58 | Build | Archery Range |
| 9:58 | Queue | Villager (Male) |
| 9:59 | Build | Blacksmith |
| 10:01 | Build | House |
| 10:08 | Queue | Villager (Male) |
| 10:10 | Build | Farm |
| 10:25 | Build | Farm |
| 10:36 | Queue | Villager (Male) |
| 10:40 | Build | Farm |
| 10:52 | Queue | Skirmisher |
| 11:01 | Queue | Villager (Male) |
| 11:21 | Queue | Skirmisher |
| 11:27 | Build | Farm |
| 11:38 | Queue | Villager (Male) |
| 11:43 | Build | House |
| 11:48 | Queue | Skirmisher |
| 11:57 | Build | Farm |
| 12:14 | Queue | Villager (Male) |
| 12:16 | Queue | Skirmisher |
| 12:34 | Queue | Skirmisher |
| 12:39 | Build | Farm |
| 12:45 | Queue | Villager (Male) |
| 12:51 | Queue | Skirmisher |
| 13:10 | Queue | Villager (Male) |
| 13:12 | Queue | Archer |
| 13:19 | Queue | Skirmisher |
| 13:36 | Queue | Villager (Male) |
| 14:00 | Research | Fletching |
| 14:00 | Research | Fletching |
| 14:03 | Build | Archery Range |
| 14:09 | Build | House |
| 14:11 | Queue | Villager (Male) |
| 14:30 | Build | Farm |
| 14:35 | Queue | Villager (Male) |
| 14:40 | Build | House |
| 14:45 | Queue | Villager (Male) |
| 14:47 | Queue | Archer |
| 14:48 | Queue | Archer |
| 14:52 | Build | Farm |
| 15:12 | Queue | Archer |
| 15:12 | Queue | Villager (Male) |
| 15:16 | Build | Farm |
| 15:18 | Queue | Villager (Male) |
| 15:38 | Queue | Villager (Male) |
| 15:44 | Queue | Villager (Male) |
| 15:51 | Queue | Archer |
| 15:51 | Queue | Archer |
| 15:58 | Queue | Militia |
| 15:58 | Queue | Militia |
| 16:01 | Queue | Archer |
| 16:01 | Queue | Villager (Male) |
| 16:03 | Build | House |
| 16:09 | Queue | Villager (Male) |
| 16:19 | Queue | Villager (Male) |
| 16:33 | Queue | Archer |
| 16:44 | Queue | Villager (Male) |
| 16:45 | Queue | Archer |
| 16:48 | Build | Farm |
| 16:50 | Build | Farm |
| 16:59 | Build | House |
| 17:00 | Build | House |
| 17:02 | Queue | Villager (Male) |
| 17:04 | Queue | Villager (Male) |
| 17:26 | Build | Market |
| 17:27 | Queue | Villager (Male) |
| 17:32 | Build | Farm |
| 17:33 | Build | Farm |
| 17:46 | Build | Farm |
| 17:49 | Queue | Villager (Male) |
| 17:54 | Queue | Archer |
| 17:54 | Queue | Archer |
| 18:04 | Build | Farm |
| 18:21 | Queue | Villager (Male) |
| 18:29 | Queue | Villager (Male) |
| 18:30 | Queue | Villager (Male) |
| 18:32 | Build | House |
| 19:18 | Research | Castle Age |
| 19:18 | Research | Castle Age |
| 19:19 | Queue | Archer |
| 19:44 | Queue | Archer |
| 19:44 | Queue | Archer |
| 19:45 | Queue | Villager (Male) |
| 20:07 | Queue | Villager (Male) |
| 20:17 | Research | Padded Archer Armor |
| 20:17 | Research | Padded Archer Armor |
| 20:22 | Research | Gold Mining |
| 20:48 | Build | Farm |
| 20:49 | Build | Farm |
| 20:51 | Build | Farm |
| 21:05 | Queue | Archer |
| 21:05 | Queue | Archer |
| 21:06 | Queue | Villager (Male) |
| 21:16 | Research | Double-Bit Axe |
| 21:16 | Research | Double-Bit Axe |
| 21:58 | Age | Castle Age |
| 22:00 | Research | Bodkin Arrow |
| 22:00 | Research | Bodkin Arrow |
Build order — [CL] Dubstepyzed
First 150 of 166 actions detected
| 0:00 | Queue | Villager (Male) |
| 0:01 | Queue | Villager (Male) |
| 0:02 | Build | House |
| 0:02 | Build | House |
| 0:12 | Queue | Villager (Male) |
| 0:12 | Queue | Villager (Male) |
| 0:12 | Queue | Villager (Male) |
| 1:08 | Queue | Villager (Male) |
| 1:42 | Build | Mule Cart |
| 2:01 | Queue | Villager (Male) |
| 2:23 | Queue | Villager (Male) |
| 2:58 | Queue | Villager (Male) |
| 2:58 | Queue | Villager (Male) |
| 3:14 | Queue | Villager (Male) |
| 3:36 | Build | House |
| 3:39 | Queue | Villager (Male) |
| 4:07 | Queue | Villager (Male) |
| 4:17 | Build | Barracks |
| 4:37 | Build | House |
| 4:39 | Queue | Villager (Male) |
| 4:40 | Queue | Villager (Male) |
| 4:44 | Queue | Villager (Male) |
| 5:07 | Queue | Villager (Male) |
| 5:12 | Queue | Villager (Male) |
| 5:12 | Queue | Villager (Male) |
| 5:31 | Build | Palisade Wall |
| 5:34 | Build | Palisade Wall |
| 5:35 | Build | Palisade Wall |
| 6:03 | Queue | Villager (Male) |
| 6:03 | Queue | Villager (Male) |
| 6:07 | Research | Loom |
| 6:12 | Build | House |
| 6:13 | Build | Palisade Wall |
| 6:55 | Research | Feudal Age |
| 6:55 | Research | Feudal Age |
| 7:07 | Build | Mule Cart |
| 7:15 | Build | Palisade Wall |
| 7:57 | Build | Palisade Wall |
| 7:58 | Build | Palisade Wall |
| 7:59 | Build | Palisade Wall |
| 8:01 | Build | Palisade Wall |
| 8:05 | Build | Palisade Wall |
| 8:06 | Build | Palisade Wall |
| 8:17 | Build | Palisade Wall |
| 8:19 | Build | Palisade Wall |
| 8:20 | Build | Palisade Wall |
| 8:26 | Build | Palisade Wall |
| 8:28 | Build | Palisade Wall |
| 8:37 | Build | Palisade Wall |
| 8:39 | Build | Palisade Wall |
| 8:49 | Build | Mill |
| 8:49 | Queue | Villager (Male) |
| 9:05 | Age | Feudal Age |
| 9:08 | Build | Archery Range |
| 9:14 | Research | Double-Bit Axe |
| 9:28 | Queue | Villager (Male) |
| 9:49 | Queue | Villager (Male) |
| 9:53 | Queue | Archer |
| 10:02 | Queue | Archer |
| 10:07 | Queue | Villager (Male) |
| 10:18 | Queue | Archer |
| 10:24 | Build | Archery Range |
| 10:51 | Queue | Villager (Male) |
| 10:57 | Build | Mill |
| 11:00 | Build | House |
| 11:02 | Build | Palisade Wall |
| 11:16 | Queue | Villager (Male) |
| 11:28 | Build | House |
| 11:32 | Build | Palisade Wall |
| 11:33 | Queue | Archer |
| 11:46 | Queue | Archer |
| 11:49 | Build | Farm |
| 11:59 | Build | Farm |
| 12:00 | Build | Farm |
| 12:17 | Build | House |
| 12:19 | Build | House |
| 12:28 | Queue | Villager (Male) |
| 12:39 | Build | House |
| 12:48 | Build | Farm |
| 12:48 | Build | Farm |
| 12:55 | Build | Farm |
| 13:06 | Queue | Villager (Male) |
| 13:14 | Queue | Archer |
| 13:29 | Build | Palisade Wall |
| 13:32 | Build | Palisade Wall |
| 13:35 | Build | House |
| 13:37 | Build | Palisade Wall |
| 13:43 | Queue | Villager (Male) |
| 13:58 | Build | Farm |
| 13:58 | Queue | Villager (Male) |
| 14:01 | Build | Farm |
| 14:03 | Queue | Archer |
| 14:11 | Build | Blacksmith |
| 14:12 | Build | House |
| 14:14 | Queue | Archer |
| 14:18 | Build | Farm |
| 14:19 | Queue | Villager (Male) |
| 14:35 | Build | Farm |
| 14:38 | Build | Farm |
| 14:44 | Queue | Archer |
| 14:51 | Queue | Archer |
| 15:01 | Queue | Villager (Male) |
| 15:07 | Build | Farm |
| 15:13 | Research | Fletching |
| 15:13 | Research | Fletching |
| 15:17 | Build | House |
| 15:27 | Queue | Villager (Male) |
| 15:54 | Queue | Archer |
| 15:55 | Queue | Archer |
| 16:00 | Queue | Villager (Male) |
| 16:01 | Queue | Villager (Male) |
| 16:21 | Build | House |
| 16:23 | Build | House |
| 16:27 | Queue | Villager (Male) |
| 16:39 | Queue | Villager (Male) |
| 16:39 | Queue | Villager (Male) |
| 16:51 | Build | Farm |
| 16:52 | Build | Farm |
| 16:54 | Queue | Skirmisher |
| 17:17 | Queue | Skirmisher |
| 17:20 | Queue | Villager (Male) |
| 17:23 | Queue | Skirmisher |
| 17:29 | Queue | Skirmisher |
| 17:39 | Queue | Skirmisher |
| 17:44 | Research | Padded Archer Armor |
| 18:02 | Build | House |
| 18:06 | Queue | Skirmisher |
| 18:09 | Queue | Villager (Male) |
| 18:29 | Build | Farm |
| 18:30 | Queue | Villager (Male) |
| 18:34 | Build | House |
| 18:39 | Queue | Villager (Male) |
| 18:58 | Queue | Skirmisher |
| 18:59 | Queue | Skirmisher |
| 19:01 | Build | House |
| 19:06 | Build | House |
| 19:09 | Build | House |
| 19:20 | Queue | Villager (Male) |
| 19:21 | Queue | Skirmisher |
| 19:34 | Queue | Villager (Male) |
| 19:41 | Build | House |
| 19:41 | Build | House |
| 19:44 | Queue | Villager (Male) |
| 19:47 | Build | Mule Cart |
| 19:52 | Queue | Villager (Male) |
| 20:10 | Queue | Skirmisher |
| 20:15 | Queue | Villager (Male) |
| 20:16 | Queue | Skirmisher |
| 20:20 | Queue | Villager (Male) |
| 20:22 | Build | Market |
Match timeline
| 4:17 | [CL] Dubstepyzed · first_building Barracks |
| 4:38 | elpanchovilla14 · first_building Barracks |
| 5:31 | [CL] Dubstepyzed · wall_segment Palisade Wall x1 |
| 5:34 | [CL] Dubstepyzed · wall_segment Palisade Wall x1 |
| 5:35 | [CL] Dubstepyzed · wall_segment Palisade Wall x1 |
| 6:13 | [CL] Dubstepyzed · wall_segment Palisade Wall x2 |
| 7:15 | [CL] Dubstepyzed · wall_segment Palisade Wall x4 |
| 7:57 | [CL] Dubstepyzed · wall_segment Palisade Wall x1 |
| 7:58 | [CL] Dubstepyzed · wall_segment Palisade Wall x1 |
| 7:59 | [CL] Dubstepyzed · wall_segment Palisade Wall x1 |
| 8:01 | [CL] Dubstepyzed · wall_segment Palisade Wall x1 |
| 8:05 | [CL] Dubstepyzed · wall_segment Palisade Wall x1 |
| 8:06 | [CL] Dubstepyzed · wall_segment Palisade Wall x1 |
| 8:17 | [CL] Dubstepyzed · wall_segment Palisade Wall x1 |
| 8:19 | [CL] Dubstepyzed · wall_segment Palisade Wall x1 |
| 8:20 | [CL] Dubstepyzed · wall_segment Palisade Wall x1 |
| 8:26 | [CL] Dubstepyzed · wall_segment Palisade Wall x1 |
| 8:28 | [CL] Dubstepyzed · wall_segment Palisade Wall x1 |
| 8:37 | [CL] Dubstepyzed · wall_segment Palisade Wall x1 |
| 8:39 | [CL] Dubstepyzed · wall_segment Palisade Wall x1 |
| 9:05 | [CL] Dubstepyzed · age_up feudal |
| 9:08 | [CL] Dubstepyzed · first_building Archery Range |
| 9:08 | elpanchovilla14 · wall_segment Palisade Wall x5 |
| 9:28 | elpanchovilla14 · age_up feudal |
| 9:58 | elpanchovilla14 · first_building Archery Range |
| 11:02 | [CL] Dubstepyzed · wall_segment Palisade Wall x1 |
| 11:32 | [CL] Dubstepyzed · wall_segment Palisade Wall x1 |
| 13:29 | [CL] Dubstepyzed · wall_segment Palisade Wall x1 |
| 13:32 | [CL] Dubstepyzed · wall_segment Palisade Wall x1 |
| 13:37 | [CL] Dubstepyzed · wall_segment Palisade Wall x1 |
| 18:49 | elpanchovilla14 · first_market_sell 500 wood |
| 18:50 | elpanchovilla14 · first_market_buy 100 food |
| 20:52 | [CL] Dubstepyzed · wall_segment Palisade Wall x3 |
| 20:53 | [CL] Dubstepyzed · wall_segment Palisade Wall x3 |
| 21:39 | [CL] Dubstepyzed · wall_segment Palisade Wall x1 |
| 21:44 | [CL] Dubstepyzed · wall_segment Palisade Wall x1 |
| 21:45 | [CL] Dubstepyzed · wall_segment Palisade Wall x1 |
| 21:53 | [CL] Dubstepyzed · wall_segment Palisade Wall x3 |
| 21:58 | elpanchovilla14 · age_up castle |
| 22:21 | [CL] Dubstepyzed · resign |
[ AI ANALYSIS · 1 CREDIT ]
What really happened in this match?
Wolo.gg analyzes every decision: build order, eco, micro, common mistakes by bracket. Personalized analysis on WhatsApp or Discord in 30 seconds.
Civ guide
Malians
Perfil
Jugador #21056380